AoeStats
← Sebgir

Black Forest

510767161Analyzed
4v4 RM · 17h ago on Oct 2, 2026· 49m 21s· 8 players
Game mode
Random Map
Map size
Large (8 player)
Population
200
Speed
Normal
Resources
Standard
Victory
Conquest
Starting age
Dark Age
Ending age
Imperial Age
RankedLock teamsTeams togetherTeam positionsShared explorationLock speedFull tech treeHidden civsTurbo modeCheats
Victory
Defeat
🇨🇦 Magyars · Canada
783
+8
🇮🇳 Bohemians · India
724
+10
🇺🇸 Persians · United States
714
+10
🇨🇳 Teutons · China
707
+10
🇪🇸 Vietnamese · Spain
622
-11
🇪🇪 Varangians · Estonia
620
-10
🇫🇷 Khmer · France
571
-9
🇫🇷 Britons · France
522
-8
jescrina2004
6:00 Loom
14:57 Feudal Age
17:22 Wheelbarrow
23:25 Castle Age
21:43 Double-Bit Axe
21:52 Gold Mining
21:53 Stone Mining
27:59 Bow Saw
32:28 Hand Cart
33:06 Stone Shaft Mining
Sebgir
13:46 Feudal Age
15:35 Double-Bit Axe
15:34 Horse Collar
15:49 Stone Mining
15:52 Gold Mining
22:46 Castle Age
23:33 Wheelbarrow
23:41 Wheelbarrow
23:49 Bow Saw
23:44 Heavy Plow
24:37 Husbandry
27:27 Squires
26:48 Pikeman
28:15 Forging
27:56 Fletching
28:12 Scale Barding Armor
28:08 Scale Mail Armor
29:30 Caravan
30:37 Bodkin Arrow
32:07 Hand Cart
32:07 Town Watch
37:33 Imperial Age
36:54 Treadmill Crane
37:36 Ballistics
37:28 Masonry
37:14 Murder Holes
38:16 Bracer
39:19 Chemistry
41:08 Conscription
43:32 Gold Shaft Mining
44:13 Yeomen
45:04 Halberdier
47:12 Chain Barding Armor
47:08 Chain Mail Armor
47:30 Iron Casting
47:15 Cavalier
minaDrive
1:49 Loom
14:49 Feudal Age
18:02 Double-Bit Axe
18:20 Horse Collar
23:42 Castle Age
21:59 Gold Mining
22:28 Fletching
23:50 Padded Archer Armor
23:53 Scale Mail Armor
25:00 Bodkin Arrow
25:21 Leather Archer Armor
25:26 Gambesons
27:02 Stone Mining
29:25 Heavy Plow
30:47 Wheelbarrow
32:31 Bow Saw
32:32 Caravan
35:26 Imperial Age
32:53 Town Watch
34:38 Squires
36:17 Stone Shaft Mining
37:03 Crop Rotation
38:22 Gothikon
41:30 Elite Varangian Guard
48:33 Chain Mail Armor
48:29 Forging
*****_predator
1:23 Loom
14:44 Feudal Age
15:34 Double-Bit Axe
16:22 Horse Collar
17:13 Gold Mining
19:52 Castle Age
18:26 Man-at-Arms
20:06 Long Swordsman
22:51 Wheelbarrow
22:34 Pikeman
24:43 Bow Saw
25:41 Heavy Plow
26:10 Town Watch
27:43 Stone Mining
30:50 Hand Cart
30:58 Forging
30:49 Scale Mail Armor
37:42 Imperial Age
37:02 Stone Shaft Mining
37:03 Gold Shaft Mining
36:41 Caravan
38:50 Town Patrol
40:13 Iron Casting
39:54 Chain Mail Armor
41:27 Chemistry
41:45 Ballistics
41:21 Murder Holes
43:02 Conscription
43:23 Hoardings
43:27 Two-Handed Swordsman
47:11 Fletching
47:21 Padded Archer Armor
48:23 Blast Furnace
46:53 Halberdier
Marshall
0:29 Loom
15:19 Feudal Age
15:46 Double-Bit Axe
15:45 Horse Collar
20:10 Gold Mining
23:25 Castle Age
21:58 Stone Mining
24:49 Bow Saw
24:43 Heavy Plow
25:10 Caravan
25:42 Coinage
27:54 Gold Shaft Mining
28:44 Fletching
28:54 Padded Archer Armor
30:56 Leather Archer Armor
30:36 Bodkin Arrow
33:48 Imperial Age
31:54 Thumb Ring
32:52 Ballistics
32:41 Scale Barding Armor
32:52 Bloodlines
32:52 Husbandry
34:55 Bracer
35:54 Crop Rotation
36:28 Two-Man Saw
37:17 Parthian Tactics
36:55 Recurve Bow
37:33 Ring Archer Armor
37:59 Cavalier
41:13 Siege Engineers
42:20 Chain Barding Armor
44:08 Wheelbarrow
43:19 Town Watch
43:23 Onager
45:40 Paladin
48:56 Town Patrol
49:11 Hand Cart
Jupiter
0:32 Loom
12:49 Feudal Age
14:50 Double-Bit Axe
23:41 Castle Age
21:59 Horse Collar
24:43 Town Watch
25:15 Husbandry
26:30 Husbandry
26:34 Husbandry
34:25 Imperial Age
35:59 Town Patrol
40:00 Wheelbarrow
40:40 Elite Hussite Wagon
44:26 Chemistry
43:37 Fortified Wall
43:52 Hand Cart
48:06 Bow Saw
50:00 Caravan
50:31 Coinage
autokalishnikovmodern2022
10:10 Loom
12:04 Feudal Age
16:54 Castle Age
15:22 Double-Bit Axe
15:40 Horse Collar
18:58 Bow Saw
26:24 Wheelbarrow
26:00 Heavy Plow
31:30 Hand Cart
32:12 Town Watch
37:23 Imperial Age
35:36 Gold Mining
35:37 Stone Mining
37:02 Caravan
43:33 Elite War Elephant
zero
4:54 Loom
14:19 Feudal Age
15:27 Double-Bit Axe
15:27 Horse Collar
18:56 Castle Age
21:42 Wheelbarrow
22:07 Wheelbarrow
23:30 Bow Saw
24:09 Heavy Plow
24:53 Gold Mining
26:01 Hand Cart
25:49 Stone Mining
27:13 Stone Shaft Mining
29:59 Masonry
34:06 Imperial Age
31:59 Ballistics
31:55 Squires
32:04 Scale Mail Armor
34:04 Ironclad
33:46 Gambesons
34:42 Fortified Wall
34:26 Guard Tower
36:01 Chemistry
35:25 Guilds
35:34 Chain Mail Armor
34:45 Elite Teutonic Knight
36:04 Conscription
36:21 Hoardings
36:07 Crenellations
36:11 Forging
36:13 Scale Barding Armor
35:59 Arrowslits
37:09 Plate Mail Armor
37:25 Crop Rotation
37:58 Two-Man Saw
37:48 Keep
38:47 Iron Casting
38:42 Siege Engineers
41:03 Fletching
42:17 Blast Furnace
Connection lost

Rejoining the realm…

Still unreachable

The connection could not be restored.

Session expired

The server has moved on; the page needs a fresh start.